 Dungeon Crawl Stone Soup version 0.24-a0-271-ga0fc33f (webtiles) character file.

Game seed: 6758217487253634557

1066 MisterFreud the Slicer (level 8, 0/46 HPs)
             Began as a Kobold Berserker on Apr 22, 2019.
             Was an Elder of Trog.
             Slain by a sky beast (6 damage)
             ... on level 5 of the Dungeon on Apr 23, 2019.
             The game lasted 00:13:22 (5059 turns).

MisterFreud the Slicer (Kobold Berserker)           Turns: 5059, Time: 00:13:23

Health: 0/46       AC:  4    Str: 16    XL:     8   Next: 52%
Magic:  8/8        EV: 16    Int:  8    God:    Trog [****..]
Gold:   586        SH:  0    Dex: 15    Spells: 7/7 levels left

rFire    . . .     SeeInvis .   a - +0 short sword
rCold    . . .     Gourm    .   (shield restricted)
rNeg     . . .     Faith    .   r - +0 leather armour {MR+}
rPois    .         Spirit   .   l - +1 hat
rElec    .         Reflect  .   (no cloak)
rCorr    +         Harm     .   (no gloves)
MR       +....                  (no boots)
Stlth    +++.......             (no amulet)
HPRegen  0.15/turn              d - ring of resist corrosion
MPRegen  0.11/turn              (no ring)

@: no status effects
A: small, carnivore
a: Berserk, Trog's Hand, Brothers in Arms, Renounce Religion


You were on level 5 of the Dungeon.
You worshipped Trog.
Trog was greatly pleased with you.
You were very full.

You visited 1 branch of the dungeon, and saw 7 of its levels.
You also visited: Ossuary.

You collected 586 gold pieces.

Inventory:

Hand Weapons
 a - a +0 short sword (weapon)
Missiles
 v - 12 bolts
Armour
 l - a +1 hat (worn)
 r - a +0 leather armour of magic resistance (worn)
Jewellery
 b - an uncursed ring of ice
 d - a ring of resist corrosion (left hand)
Scrolls
 e - 3 scrolls of remove curse
 g - 4 scrolls of teleportation
 i - 3 scrolls of enchant armour {unknown}
 j - 2 scrolls of noise {unknown}
 k - 2 scrolls of amnesia {unknown}
 n - a scroll of fog {unknown}
 s - a scroll of enchant weapon {unknown}
 t - a scroll of magic mapping {unknown}
Potions
 f - 4 potions of curing
 h - 2 potions of brilliance
 m - 2 potions of ambrosia
 o - 3 potions of flight
 p - a potion of heal wounds {unknown}
 q - 2 potions of invisibility
 u - 2 potions of might {unknown}
 w - a potion of degeneration {unknown}
 x - a potion of resistance {unknown}
 z - 2 potions of mutation {unknown}
Comestibles
 c - 13 rations


   Skills:
 - Level 3.2 Fighting
 + Level 10.7 Short Blades
 - Level 1.5 Armour
 + Level 3.5 Dodging
 + Level 6.9 Stealth


You had 7 spell levels left.
You didn't know any spells.
Your spell library was empty.

Dungeon Overview and Level Annotations

Branches:
Dungeon (7/15)             Temple (0/1) D:4

Altars:
Kikubaaqudgha
Makhleb
Okawaru
Sif Muna
Xom
Yredelemnul
The Shining One


Innate Abilities, Weirdness & Mutations

You are small and have problems with some larger weapons.
You are carnivorous and can eat meat at any time.


Message History

The sky beast is severely wounded.
You closely miss the sky beast.
The sky beast is severely wounded.
The sky beast hits you but does no damage.
You closely miss the sky beast.
The sky beast is severely wounded.
You barely miss the sky beast.
The sky beast is severely wounded.
The sky beast flickers out of sight!
Deactivating autopickup; reactivate with Ctrl-A.
Something hits you. Something shocks you.
You hit something. You hit something. Something hits you. Something shocks you.
* * * LOW HITPOINT WARNING * * *
You closely miss something.
A sky beast appears from thin air!
Reactivating autopickup.
The sky beast hits you.
* * * LOW HITPOINT WARNING * * *
The sky beast shocks you.
You die...

...#
#.####.##....#.####
...# #.#
#.......#....# ...#
#.. #.##.#######.#
...# ##.
#.##.##....#.# ...#
.# #.##.##.##.#.#
...# .>
#.##....<#.#.# #.
#.##.###.#.#.# #.
#.######...#.#####
#.##@# #...........
#..#Y#####'##........
#.#.#...[...........
#...........#.......
#...#.......#.).....
#..>#.......########
#...#.......#
#...#.......###
#..≈#.........#


You could see a sky beast.

Vanquished Creatures
  A water moccasin (D:5)
  A black bear (D:7)
  A centaur (D:5)
  A howler monkey (D:4)
  3 crimson imps (D:5)
  3 orc priests (D:4)
  2 hounds
  A jelly (D:7)
  2 orc wizards
  2 iguanas (D:7)
  2 hound zombies
  8 mummies (Ossuary)
  7 gnolls
  4 adders
  An ooze (D:5)
  7 worms
  3 dart slugs
  4 leopard geckos
  12 orcs
  2 ball pythons
  6 bats
  4 giant cockroaches
  3 gnoll zombies (Ossuary)
  6 goblins
  4 hobgoblins
  6 jackals
  5 quokkas
  6 frilled lizards
  4 hobgoblin zombies (Ossuary)
  10 kobolds
  An orc zombie (Ossuary)
  A quokka skeleton (D:3)
  8 rats
131 creatures vanquished.

Notes
Turn   | Place    | Note
-------+----------+-------------------------------------------
     0 | D:1      | MisterFreud the Kobold Berserker began the quest for the
                  | Orb.
     0 | D:1      | Reached XP level 1. HP: 14/14 MP: 1/1
    23 | D:1      | Found a glowing golden altar of the Shining One.
    66 | D:1      | Reached skill level 1 in Stealth
   258 | D:1      | Reached XP level 2. HP: 18/19 MP: 2/2
   560 | D:1      | Reached XP level 3. HP: 23/23 MP: 3/3
   580 | D:1      | Reached skill level 5 in Short Blades
   746 | D:2      | Reached ** piety under Trog
  1050 | D:2      | Reached XP level 4. HP: 28/28 MP: 4/4
  1491 | D:2      | Found a shimmering altar of Xom.
  1491 | D:2      | Found a shimmering altar of Xom.
  1511 | D:2      | Found a shimmering altar of Xom.
  1511 | D:2      | Found a shimmering altar of Xom.
  1519 | D:2      | Found a shimmering altar of Xom.
  1519 | D:2      | Found a shimmering altar of Xom.
  1519 | D:2      | Found a shimmering altar of Xom.
  1860 | D:3      | Upgraded the game from 0.24-a0-269-g32ec7ca to
                  | 0.24-a0-271-ga0fc33f
  1864 | D:3      | Reached skill level 6 in Short Blades
  1909 | D:3      | Found a burning altar of Makhleb.
  1972 | D:3      | Reached XP level 5. HP: 29/32 MP: 5/5
  2317 | D:3      | Reached *** piety under Trog
  2486 | D:3      | Found an iron altar of Okawaru.
  2909 | D:4      | Found a deep blue altar of Sif Muna.
  2924 | D:4      | Reached skill level 7 in Short Blades
  2958 | D:4      | Found a basalt altar of Yredelemnul.
  2979 | D:4      | Reached XP level 6. HP: 16/37 MP: 6/6
  3171 | D:4      | You fall through a shaft for 3 floors!
  3274 | D:7      | Noticed a black bear
  3290 | D:7      | Noticed an orc warrior
  3306 | D:7      | Killed a black bear
  3306 | D:7      | Reached skill level 8 in Short Blades
  3306 | D:7      | Reached skill level 5 in Stealth
  3306 | D:7      | Reached XP level 7. HP: 41/41 MP: 7/7
  3459 | D:7      | HP: 2/41 [iguana (9)]
  3467 | D:7      | HP: 1/41 [crimson imp (2)]
  3483 | D:6      | Found an ancient bone altar of Kikubaaqudgha.
  3515 | D:5      | Entered Level 5 of the Dungeon
  3696 | D:5      | Reached skill level 9 in Short Blades
  3749 | D:4      | Found a staircase to the Ecumenical Temple.
  4204 | D:5      | Noticed a water moccasin
  4209 | D:5      | Found a sand-covered staircase.
  4223 | D:5      | Killed a water moccasin
  4223 | D:5      | Reached skill level 10 in Short Blades
  4223 | D:5      | Reached XP level 8. HP: 11/46 MP: 8/8
  4225 | Ossuary  | Entered an ossuary
  4546 | Ossuary  | Reached **** piety under Trog
  4766 | D:5      | Found an ancient bone altar of Kikubaaqudgha.
  5059 | D:5      | Slain by a sky beast

Levels and vault maps discovered:
D:1:      dpeg_arrival_tiny_a, layout_rooms, chequers_serial_rivers_large_a,
          tso_metal_star
D:2:      layout_basic, first_ration, minmay_misc_feat_room, xom_redecorated
D:3:      minmay_general_purpose_star, layout_basic, okawaru_gym_becter,
          bloody_makhleb
D:4:      layout_rooms, grunt_temple_overflow_open,
          minmay_temple_entry_mini_moons
D:5:      layout_basic, marbit_many_paths, enter_ossuary_2
D:6:      layout_basic, lightli_temple_of_fire, lemuel_doored_altar,
          tgw_kikubaaqudgha
D:7:      layout_cave_pools, zin_angel, cheibriados_altar_1
Ossuary:  ossuary_tomb_3

Skill      XL: |  1  2  3  4  5  6  7  8 |
---------------+-------------------------+-----
Stealth        | 1 2 3 4 5 6 |  6.9
Short Blades   | 5 6 7 8 10 | 10.7
Dodging        | 3 |  3.5
Fighting       | |  3.2
Armour         | |  1.5

Action                   |  1- 3 |  4- 6 |  7- 9 || total
-------------------------+-------+-------+-------++-------
Melee: Short sword       |    75 |   214 |   275 ||   564
Invok: Berserk           |     2 |     7 |     6 ||    15
       Trog's Hand       |       |     1 |     3 ||     4
  Use: Scroll            |       |     5 |     4 ||     9
       Potion            |       |       |     1 ||     1
 Stab: Sleeping          |     2 |     5 |     9 ||    16
       Distracted        |       |     1 |     1 ||     2
       Invisible         |       |       |     3 ||     3
  Eat: Chunk             |    11 |     9 |    16 ||    36
Armor: Animal skin       |    10 |    24 |       ||    34
       Leather armour    |       |     3 |    20 ||    23
Dodge: Dodged            |    82 |   123 |   102 ||   307

Table legend:
 A = Non-vault XP
 B = Vault XP
 C = Vault XP percentage of total XP
 D = Non-vault monster count
 E = Vault monster count
 F = Vault count percentage of total count
                 A         B        C        D         E       F
            +---------+---------+-------+---------+---------+-------
      Total |    1361 |     162 |  10.6 |     112 |      19 |  14.5
            +---------+---------+-------+---------+---------+-------
        D:1 |      42 |       0 |   0.0 |      20 |       0 |   0.0
        D:2 |      66 |       0 |   0.0 |      23 |       0 |   0.0
        D:3 |     100 |       5 |   4.8 |      25 |       2 |   7.4
        D:4 |     287 |       0 |   0.0 |      15 |       0 |   0.0
        D:5 |     555 |       2 |   0.4 |      21 |       1 |   4.5
        D:7 |     311 |       0 |   0.0 |       8 |       0 |   0.0
    Ossuary |       0 |     155 | 100.0 |       0 |      16 | 100.0
            +---------+---------+-------+---------+---------+-------
